 Dungeon Crawl Stone Soup version 0.29.0-11-gd7f09526c8 (webtiles) character file.

Game seed: 12091310829244196019

1411 Mahakala the Basher (level 8, -2/51 HPs)
             Began as a Gargoyle Monk on Sept 3, 2022.
             Killed from afar by an acid dragon (28 damage)
             ... with a splash of acid
             ... on level 7 of the Dungeon.
             The game lasted 00:24:27 (7648 turns).

Mahakala the Basher (Gargoyle Monk)                 Turns: 7648, Time: 00:24:28

Health: -2/51      AC:  9    Str: 18    XL:     8   Next: 70%
Magic:  8/8        EV: 10    Int: 10    God:
Gold:   255        SH:  0    Dex: 12    Spells: 7/7 levels left

rFire   . . .      SeeInvis .   a - +0 mace (freeze)
rCold   . . .      Faith    .   (no shield)
rNeg    + . .      Spirit   .   f - +1 scale mail
rPois   ∞          Reflect  .   (no helmet)
rElec   +          Harm     .   (no cloak)
rCorr   .          Rampage  .   (no gloves)
Will    .....                   (no boots)
Stlth   +.........              c - amulet of the acrobat
HPRegen 0.17/turn               (no ring)
MPRegen 0.11/turn               (no ring)

@: mighty, corroded
A: sickness immunity, AC +5, negative energy resistance 1, electricity
resistance, torment resistance 1, petrification resistance
a: no special abilities


You were on level 7 of the Dungeon.
You visited 1 branch of the dungeon, and saw 7 of its levels.

You collected 255 gold pieces.

Inventory:

Hand Weapons
 a - a +0 mace of freezing (weapon)
Missiles
 b - 56 stones
 h - 12 poisoned darts (quivered)
 k - 2 silver boomerangs
 q - 6 boomerangs
Armour
 f - a +1 scale mail (worn)
 u - a +0 chain mail
Jewellery
 c - an amulet of the acrobat (around neck)
 z - a ring of see invisible
Wands
 g - a wand of roots (9)
 t - a wand of polymorph (9)
Scrolls
 o - 4 scrolls of teleportation {@r4}
 s - a scroll of identify {@r1}
Potions
 d - 3 potions of heal wounds {@q2}
 e - 4 potions of curing {@q1}
 j - a potion of magic {unknown}
 l - a potion of flight {unknown}
 m - a potion of lignification {unknown}
 r - a potion of resistance {unknown}


   Skills:
 + Level 5.8 Fighting
 * Level 9.2 Maces & Flails
 - Level 4.0 Armour
 - Level 2.4 Dodging
 - Level 2.1 Stealth


You had 7 spell levels left.
You didn't know any spells.
Your spell library contained the following spells:

 Spells                   Type           Power      Damage    Failure   Level
 Ensorcelled Hibernation  Hex/Ice        0%         N/A       86%         2
 Confusing Touch          Hex            0%         N/A       98%         3
 Spider Form              Tmut/Pois      0%         N/A       98%         3
 Anguish                  Hex/Necr       0%         N/A       100%        4
 Hailstorm                Conj/Ice       0%         3d3       100%        4
 Ice Form                 Ice/Tmut       0%         N/A       100%        4
 Yara's Violent Unravell  Hex/Tmut       0%         3d3       100%        5
 Simulacrum               Ice/Necr       0%         N/A       100%        6
 Enfeeble                 Hex            0%         N/A       100%        7


Dungeon Overview and Level Annotations

Branches:
Dungeon (7/15)
 Temple: D:4-7

Altars:
Xom

Shops:
D:5 (

Annotations:
D:2 1 runed translucent door, Crazy Yiuf
D:4 3 runed translucent doors, SensoryNuts's ghost, amateur DsFi


Innate Abilities, Weirdness & Mutations

You are immune to sickness and miasma.
Your stone body is resilient. (AC +5)
You are immune to poison.
You resist negative energy. (rN+)
You are resistant to electric shocks. (rElec)
You are resistant to unholy torment.
You are immune to petrification.


Message History

The acid dragon is heavily wounded.
The acid dragon closely misses you. The acid dragon claws you.
You hit the acid dragon but do no damage.
The acid dragon is heavily wounded.
The acid dragon bites you.
* * * LOW HITPOINT WARNING * * *
The acid dragon claws you but does no damage.
You feel much better. The acid dragon bites you!
The acid dragon claws you but does no damage.
You hit the acid dragon but do no damage.
The acid dragon is heavily wounded.
The acid dragon barely misses you.
The acid dragon claws you but does no damage.
You barely miss the acid dragon.
The acid dragon is moderately wounded.
The acid dragon barely misses you. The acid dragon claws you.
You hit the acid dragon but do no damage.
The acid dragon is moderately wounded.
The acid dragon spits acid at you. The splash of acid hits you!
Unknown command.
You hit the acid dragon but do no damage.
The acid dragon is moderately wounded.
The acid dragon bites you.
* * * LOW HITPOINT WARNING * * *
The acid dragon claws you but does no damage.
You hit the acid dragon but do no damage.
The acid dragon is moderately wounded.
You barely miss the acid dragon.
The acid dragon is moderately wounded.
The acid dragon spits acid at you. The splash of acid hits you!
* * * LOW HITPOINT WARNING * * *
You feel much better. The acid dragon closely misses you.
The acid dragon claws you.
You feel very mighty all of a sudden. The acid dragon spits acid at you.
The splash of acid hits you!!
Ouch! That really hurt!
You die...

,,,,,,,* #.#.# #.###.### **,,,,,*
#.#.# #.##...# *,,,,,* #.#.#
#.##...# **,,,,,***#.#.###
##.##...## ,,,,,,,,,*#.#...#
###..##.....
,,,,,,,,,*#.###.######...###.....
,,,,,,,,,##.###{#....).....'.....
,,,,,,,,,#....oD#...########.....
,,,,,,,,,#..####@.#.....# #...##
,,,,,,,.....* #..#.###.# #####
,,,,,.......* #..#.# *,*
,,,,,.......***#..#.# *,*********
*****####...,,,.....# *,,,,,,,,,,
* ##Do**#.#.###************ *
#.o,,.....,,,,,* *
*,**####.#****,* * *,* *.# *,*


You could see an acid dragon (catching breath) and an orc.

Vanquished Creatures
  Sigmund (D:2)
  A water moccasin (D:5)
  Duvessa (D:7)
  2 centaurs
  An ogre (D:6)
  Blork the orc (D:4)
  A bullfrog (D:7)
  A scorpion (D:5)
  Dowan (D:7)
  A howler monkey (D:6)
  3 hounds
  An orc priest (D:6)
  A gnoll bouda (D:6)
  A jelly (D:5)
  2 iguanas (D:5)
  2 orc wizards
  Natasha (thrice) (D:3)
  6 adders
  2 ufetubi (D:5)
  5 worms
  3 dart slugs
  7 orcs
  3 endoplasms
  3 giant cockroaches
  5 goblins
  11 hobgoblins
  4 quokkas
  5 ball pythons
  4 bats
  A frilled lizard (D:1)
  10 kobolds
  9 rats
  A spectral kobold (D:1)
103 creatures vanquished.

Vanquished Creatures (others)
  A frilled lizard (D:3)
  A fungus (D:4)
  3 plants (D:4)
5 creatures vanquished.

Grand Total: 108 creatures vanquished

Notes
Turn   | Place    | Note
-------+----------+-------------------------------------------
     0 | D:1      | Mahakala the Gargoyle Monk began the quest for the Orb.
     0 | D:1      | Reached XP level 1. HP: 14/14 MP: 1/1
   194 | D:1      | Reached XP level 2. HP: 19/19 MP: 2/2
   277 | D:1      | Found a faded altar of an unknown god.
   919 | D:1      | Reached XP level 3. HP: 24/24 MP: 3/3
  1193 | D:2      | Reached skill level 4 in Maces & Flails
  1208 | D:2      | Found a shimmering altar of Xom.
  1427 | D:2      | Noticed Sigmund
  1432 | D:2      | Noticed Natasha
  1469 | D:3      | Killed Natasha
  1470 | D:3      | Reached skill level 1 in Armour
  1470 | D:3      | Reached XP level 4. HP: 15/29 MP: 4/4
  1835 | D:3      | Noticed Natasha
  1846 | D:3      | Killed Natasha
  1985 | D:3      | Noticed Natasha
  2010 | D:3      | Killed Natasha
  2011 | D:3      | Reached skill level 5 in Maces & Flails
  2011 | D:3      | Reached XP level 5. HP: 27/33 MP: 5/5
  2875 | D:4      | Noticed a black bear
  3500 | D:2      | Found a runed translucent door.
  3501 | D:2      | Noticed Crazy Yiuf
  3534 | D:2      | Reached XP level 6. HP: 37/38 MP: 6/6
  3659 | D:2      | Killed Sigmund
  3660 | D:2      | Reached skill level 6 in Maces & Flails
  4268 | D:4      | Found a runed translucent gate.
  4268 | D:4      | Found a runed translucent gate.
  4268 | D:4      | Noticed SensoryNuts's ghost (amateur DsFi)
  4269 | D:4      | Found a runed translucent gate.
  4699 | D:4      | Noticed Blork the orc
  4720 | D:4      | Killed Blork the orc
  4721 | D:4      | Reached XP level 7. HP: 39/42 MP: 7/7
  4944 | D:5      | Entered Level 5 of the Dungeon
  4994 | D:5      | Reached skill level 7 in Maces & Flails
  5839 | D:5      | Reached XP level 8. HP: 35/48 MP: 8/8
  5989 | D:5      | Found Plog's Weapon Shoppe.
  6202 | D:6      | Noticed a yak
  6202 | D:6      | Noticed a yak
  6202 | D:6      | Noticed a yak
  6264 | D:6      | Noticed a four-headed hydra
  6279 | D:5      | Reached skill level 8 in Maces & Flails
  6621 | D:6      | Reached skill level 5 in Fighting
  6963 | D:6      | Noticed a troll
  6972 | D:7      | Noticed Duvessa
  6972 | D:7      | Noticed Dowan
  6983 | D:7      | Killed Duvessa
  6993 | D:7      | Killed Dowan
  7276 | D:7      | Reached skill level 9 in Maces & Flails
  7397 | D:7      | Identified the +11 trident of Disintegration {venom, rCorr}
  7648 | D:7      | Killed from afar by an acid dragon

Illustrated notes

Levels and vault maps discovered:
D:1:      scummos_arrival_star, layout_basic,
          dreamdust_ecumenical_altar_drowned_temple
D:2:      layout_basic, basic_altar, uniq_sigmund, uniq_crazy_yiuf_cottage,
          uniq_natasha
D:3:      layout_basic, grunt_decor_arrowhead, st_stairs_9
D:4:      layout_basic, gammafunk_ghost_nasty_kobolds,
          dreamdust_princess_corridor, uniq_blork_the_orc
D:5:      layout_basic, serial_shops, nicolae_shop_bloodbath_and_beyond,
          hangedman_decor_opposing
D:6:      hangedman_cross_stitches, layout_rooms, lemuel_doored_altar,
          minmay_temple_entry_ruins, serial_shops, shop, minmay_quadrilaterals,
          uniq_menkaure
D:7:      layout_basic, corexii_checkpoint_b, corexii_item_surrounded_by_moat,
          uniq_duvessa

Skill      XL: |  1  2  3  4  5  6  7  8 |
---------------+-------------------------+-----
Maces & Flails | 4 5 6 7 9 |  9.2
Armour         | 1 2 3 4 |  4.0
Fighting       | 4 5 |  5.8
Dodging        | |  2.4
Stealth        | |  2.1

Action                   |  1- 3 |  4- 6 |  7- 9 || total
-------------------------+-------+-------+-------++-------
Melee: Mace              |   121 |   184 |   176 ||   481
       Punch             |     1 |       |     7 ||     8
Throw: Dart              |     4 |     8 |       ||    12
  Use: Potion            |     3 |     2 |     8 ||    13
       Scroll            |       |     8 |     5 ||    13
Armor: Robe              |     1 |       |       ||     1
       Scale mail        |    46 |    70 |   120 ||   236
Dodge: Dodged            |    70 |    94 |   151 ||   315
